 Dungeon Crawl Stone Soup version 0.21.1-1-g345015f (webtiles) character file.

119 twistedcrescendo the Skirmisher (level 5, -6/42 HPs)
             Began as a Human Fighter on June 14, 2018.
             Killed from afar by an orc wizard (7 damage)
             ... with a magic dart
             ... on level 2 of the Dungeon.
             The game lasted 00:25:41 (2471 turns).

twistedcrescendo the Skirmisher (Human Fighter)     Turns: 2471, Time: 00:25:44

Health: -6/42      AC:  7    Str: 18    XL:     5   Next: 24%
Magic:  5/5        EV:  7    Int:  8    God:
Gold:   63         SH:  9    Dex: 12    Spells: 4/4 levels left

rFire    . . .     SeeInvis .   q - +0 mace
rCold    . . .     Gourm    .   c - +0 shield
rNeg     . . .     Faith    .   b - +0 scale mail
rPois    .         Spirit   .   (no helmet)
rElec    .         Reflect  .   (no cloak)
rCorr    .         Harm     .   (no gloves)
MR       .....                  (no boots)
Stlth    ..........             (no amulet)
HPRegen  0.14/turn              (no ring)
MPRegen  0.09/turn              (no ring)

@: lethally poisoned (-6 -> -7)
A: no striking features
a: no special abilities


You were on level 2 of the Dungeon.
You were not hungry.

You visited 1 branch of the dungeon, and saw 3 of its levels.

You collected 63 gold pieces.

Inventory:

Hand Weapons
 a - a +0 flail
 e - a +0 hand axe
 n - a +0 hunting sling
 q - a +0 mace (weapon)
Missiles
 h - 113 stones (quivered)
 l - 3 tomahawks
Armour
 b - a +0 scale mail (worn)
 c - a +0 shield (worn)
 r - a cursed +0 animal skin
 s - a +1 helmet of intelligence
Jewellery
 w - an uncursed ring of protection from fire {unknown}
Scrolls
 g - a scroll of immolation
 j - a scroll of amnesia {unknown}
 m - a scroll of magic mapping {unknown}
 o - a scroll of remove curse {unknown}
 u - a scroll of identify {unknown}
 x - a scroll of teleportation {unknown}
Potions
 d - a potion of might
 i - a potion of ambrosia {unknown}
 k - a potion of mutation {unknown}
 p - a potion of degeneration {unknown}
 t - a potion of magic {unknown}
 v - 2 potions of brilliance {unknown}
Comestibles
 f - 4 rations


   Skills:
 + Level 3.7 Fighting
 + Level 3.0 Maces & Flails
 + Level 3.7 Armour
 + Level 3.7 Shields


You had 4 spell levels left.
You didn't know any spells.

Dungeon Overview and Level Annotations

Branches:
Dungeon (3/15)

Altars:

Annotations:
D:3 Sigmund


Message History

The adder bites you but does no damage.
The orc wizard hits you but does no damage.
You thump the orc wizard!
The orc wizard is heavily wounded.
The adder bites you but does no damage. You block the orc wizard's attack.
You block the adder's attack.
The orc wizard hits you but does no damage.
You hit the orc wizard but do no damage.
The orc wizard is heavily wounded.
The orc wizard hits you but does no damage.
The adder bites you.
* * * LOW HITPOINT WARNING * * *
The orc wizard hits you but does no damage.
You hit the orc wizard but do no damage.
The orc wizard is heavily wounded.
* * * LOW HITPOINT WARNING * * *
You feel sick. The adder barely misses you.
The orc wizard gestures at you while chanting.
The magic dart hits you!
You die...

#..# #.##########.#.###.#
######..# #.# #.#.....#
........# #.# #.#####.#
######.## #.# ####.# #.# #.#
##.# #....#####.# #.# #..#
#.####.....# #.# #.## #.#
#.###.# #.###.########.# #.#
#.#
######.........S@o..####.###.#
#............#####..##.....#.#
.###.#..##.#...###..##.....#.#
## ##...##...♣..##.......<.#.#
# #...##.......##.##.......# ##
##........>....#.##.......##
.###.................)........#
#...##..<..♣...♣###.###.......#
##.####.##.#...####.# #.......#


You could see an orc wizard (inner flame) and an adder (inner flame).

Vanquished Creatures
  Robin (D:1)
  3 adders (D:2)
  2 oozes (D:1)
  2 worms
  3 leopard geckos
  An orc (D:3)
  9 bats
  3 giant cockroaches
  13 goblins
  7 hobgoblins
  7 kobolds
  2 quokkas
  A ball python (D:1)
  A frilled lizard (D:2)
  6 rats
61 creatures vanquished.

Notes
Turn   | Place    | Note
-------+----------+-------------------------------------------
     0 | D:1      | twistedcrescendo the Human Fighter began the quest for the Orb.
     0 | D:1      | Reached XP level 1. HP: 18/18 MP: 1/1
   105 | D:1      | Reached XP level 2. HP: 24/24 MP: 2/2
   360 | D:1      | Reached XP level 3. HP: 29/29 MP: 3/3
   956 | D:2      | Reached XP level 4. HP: 27/35 MP: 4/4
  1278 | D:2      | Noticed Robin
  1609 | D:1      | Killed Robin
  1815 | D:2      | Reached XP level 5. HP: 38/42 MP: 5/5
  2353 | D:3      | Noticed Sigmund
  2470 | D:2      | HP: 2/42 [adder (1)]
  2471 | D:2      | Killed from afar by an orc wizard

Skill      XL: |  1  2  3  4  5 |
---------------+----------------+-----
Maces & Flails | 3 |  3.0
Fighting       | |  3.7
Armour         | |  3.7
Shields        | |  3.7

Action                   |  1- 3 |  4- 6 || total
-------------------------+-------+-------++-------
Melee: Flail             |   101 |    57 ||   158
       Mace              |       |    78 ||    78
 Fire: Hunting sling     |     1 |       ||     1
  Use: Scroll            |       |     2 ||     2
  Eat: Chunk             |       |     2 ||     2
       Ration            |       |     1 ||     1
Armor: Scale mail        |    52 |    67 ||   119
Dodge: Dodged            |    37 |    48 ||    85
Block: Shield            |    56 |    95 ||   151
